 Dungeon Crawl Stone Soup version 0.30.1-3-gfc49f6343a (webtiles) character file.

Game seed: 3507210891701214227

38 NotreDorf the Magician (level 3, -2/24 HPs)
             Began as a Mummy Hedge Wizard on Aug 5, 2023.
             Slain by Natasha (6 damage)
             ... on level 2 of the Dungeon.
             The game lasted 00:04:25 (1630 turns).

NotreDorf the Magician (Mummy Hedge Wizard)         Turns: 1630, Time: 00:04:25

Health: -2/24      AC:  2    Str: 13    XL:     3   Next: 25%
Magic:  4/9        EV: 17    Int: 15    God:
Gold:   49         SH:  0    Dex: 11    Spells: 5/11 levels left

rFire   x . .        a - +0 dagger
rCold   + . .        (no shield)
rNeg    + + +        b - +0 robe
rPois   ∞            c - +0 hat
rElec   .            (no cloak)
rCorr   .            (no gloves)
SInv    .            (no boots)
Will    .....        (no amulet)
Stlth   ++           e - +5 ring of evasion
HPRegen 0.24/turn    (no ring)
MPRegen 0.11/turn

%: faith
@: no status effects
A: cold resistance 1, negative energy resistance 3, torment resistance 2, heat
vulnerability 1, in touch with death 1, no potions, faith
a: no special abilities


You were on level 2 of the Dungeon.
You visited 1 branch of the dungeon, and saw 2 of its levels.

You collected 49 gold pieces.

Inventory:

Hand Weapons
 a - a +0 dagger (weapon)
 i - a +0 falchion
Armour
 b - a +0 robe (worn)
 c - a +0 hat (worn)
Jewellery
 e - a +5 ring of evasion (left hand)
Scrolls
 d - 3 scrolls of identify {unknown}
 f - a scroll of immolation {unknown}
 g - 2 scrolls of noise {unknown}
 h - a scroll of vulnerability {unknown}


   Skills:
 - Level 2.1 Dodging
 - Level 1.5 Stealth
 + Level 4.6 Spellcasting
 + Level 1.5 Conjurations
 - Level 0.7 Summonings
 - Level 0.7 Translocations
 + Level 0.0 Poison Magic


You had 5 spell levels left.
You knew the following spells:

 Your Spells              Type           Power      Damage    Failure   Level
a - Magic Dart            Conj           32%        1d4       9%          1
b - Blink                 Tloc           10%        N/A       19%         2
c - Mephitic Cloud        Conj/Pois/Air  5%         N/A       38%         3

Your spell library contained the following spells:

 Spells                   Type           Power      Damage    Failure   Level
 Slow                     Hex            12%        N/A       17%         1
 Call Imp                 Summ           10%        N/A       19%         2
 Cigotuvi's Dreadful Rot  Necr/Pois/Air  10%        N/A       26%         2


Dungeon Overview and Level Annotations

Branches:
Dungeon (2/15)

Altars:

Annotations:
D:2 Natasha


Innate Abilities, Weirdness & Mutations

You are immune to poison.
Your flesh is cold resistant. (rC+)
You are immune to negative energy. (rN+++)
You are immune to unholy pain and torment.
You are vulnerable to heat. (rF-)
You are in touch with the powers of death.
You do not drink.
You have a special connection with the divine. (Faith)


Message History

The magic dart hits Natasha.
Natasha is moderately wounded.
Natasha mumbles some strange words.
Casting: Magic Dart (safe; 9% risk of failure)
Confirm with . or Enter, or press ? or * to list all spells.
Aiming: Magic Dart (safe; 9% risk of failure)
Press: ? - help, Shift-Dir - straight line, f/p - Natasha
Aim: Natasha (moderately wounded, 100% to hit)
The magic dart hits Natasha.
Natasha is moderately wounded.
Casting: Magic Dart (safe; 9% risk of failure)
Confirm with . or Enter, or press ? or * to list all spells.
Aiming: Magic Dart (safe; 9% risk of failure)
Press: ? - help, Shift-Dir - straight line, f/p - Natasha
Aim: Natasha (moderately wounded, 100% to hit)
The magic dart hits Natasha.
Natasha is heavily wounded.
Casting: Magic Dart (safe; 9% risk of failure)
Confirm with . or Enter, or press ? or * to list all spells.
Aiming: Magic Dart (safe; 9% risk of failure)
Press: ? - help, Shift-Dir - straight line, f/p - Natasha
Aim: Natasha (heavily wounded, 100% to hit)
The magic dart hits Natasha.
Natasha is heavily wounded.
Natasha claws you!
You hit Natasha.
Natasha is severely wounded.
Natasha claws you!
* * * LOW HITPOINT WARNING * * *
The cerulean imp misses you.
You closely miss Natasha.
Natasha is severely wounded.
Natasha misses you. The cerulean imp completely misses you.
You hit Natasha but do no damage.
Natasha is severely wounded.
Natasha completely misses you. The cerulean imp closely misses you.
You closely miss Natasha.
Natasha is severely wounded.
Natasha claws you.
You die...

. #...##....##..##
#.######...###.###... #
...........##..##..##
(##.#####..#..##..# . ..
##...##..# ...###.
#..##..#
#.....#####...##..#
#..$#..........##..#
#..5h@........##..##
#..............##... #
..................##..##
####..........!....##...
#................##..
#...........÷<......#
#..................##
#...................#
###....>......#


You could see Natasha and a cerulean imp (summoned).

Vanquished Creatures
  2 adders
  3 ball pythons
  2 goblins (D:2)
  3 hobgoblins
  A quokka (D:1)
  5 bats
  A kobold (D:1)
  3 rats (D:1)
20 creatures vanquished.

Notes
Turn   | Place    | Note
-------+----------+-------------------------------------------
     0 | D:1      | NotreDorf the Mummy Hedge Wizard began the quest for the
                  | Orb.
     0 | D:1      | Reached XP level 1. HP: 13/13 MP: 5/5
   584 | D:1      | Reached skill level 1 in Conjurations
   934 | D:2      | Noticed Natasha
   997 | D:1      | Reached XP level 2. HP: 13/19 MP: 0/7
  1401 | D:2      | Gained mutation: You are in touch with the powers of death.
                  | [Mummy growth]
  1401 | D:2      | Reached XP level 3. HP: 24/24 MP: 2/9
  1404 | D:2      | Learned a level 2 spell: Blink
  1408 | D:2      | Learned a level 3 spell: Mephitic Cloud
  1630 | D:2      | Slain by Natasha

Illustrated notes

Levels and vault maps discovered:
D:1:      tarquinn_simple_flora_water_e, layout_basic
D:2:      minmay_alternating_diamond, layout_rooms, uniq_natasha

Skill      XL: |  1  2 |
---------------+-------+-----
Conjurations   | 1 |  1.5
Dodging        | 2 |  2.1
Stealth        | |  1.5
Spellcasting   | |  4.6
Summonings     | |  0.7
Translocations | |  0.7

Action                     || total
---------------------------++-------
  Melee: Dagger            ||    26
   Cast: Magic Dart        ||    66
 Armour: Robe              ||     6
  Dodge: Dodged            ||    42
